TOP OF THE 1ST |
Potomac Nationals batting - Pitching for High Desert Mavericks : RHP Andy Zecher
|
Pitching: RHP Andy Zecher
|
|
Batting: SHB Nolan Carew
|
0-0: Ball 1-0: DOUBLE (Line Drive, 78D, EV 108.1 MPH)
|
Batting: RHB Charlie Iacovone
|
0-0: Swinging Strike 0-1: Ball 1-1: Called Strike 1-2: Ground out 5-3 (Groundball, 5L, EV 83.8 MPH)
|
Batting: RHB Rudolph Lentz
|
0-0: Called Strike 0-1: Called Strike 0-2: Ball 1-2: Strikes out swinging
|
Batting: LHB Tony Olvera
|
0-0: Ball 1-0: Called Strike 1-1: Swinging Strike 1-2: Strikes out swinging
|
Top of the 1st over - 0 runs, 1 hit, 0 errors, 1 left on base; Potomac 0 - High Desert 0 |
BOTTOM OF THE 1ST |
High Desert Mavericks batting - Pitching for Potomac Nationals : RHP Nolan Carew
|
Pitching: RHP Nolan Carew
|
|
Batting: RHB Theo van Gent
|
0-0: Foul Ball, location: 2F 0-1: Foul Ball, location: 2F 0-2: Ball 1-2: Foul Ball, location: 2F 1-2: Foul Ball, location: 2F 1-2: TRIPLE (Flyball, 89XD, EV 101.9 MPH)
|
Batting: RHB Sean Neuroth
|
0-0: Foul Ball, location: 2F 0-1: Called Strike 0-2: Ball 1-2: Fly out, F9 (Flyball, 9S, EV 89.4 MPH) Runner from 3rd tags up, OUT at HOME! 9-2
|
Batting: LHB Ben Radach
|
0-0: Called Strike 0-1: Called Strike 0-2: Ball 1-2: Ball 2-2: Foul Ball, location: 2F 2-2: Foul Ball, location: 2F 2-2: Ball 3-2: Fly out, F9 (Line Drive, 89M, EV 91.2 MPH)
|
Bottom of the 1st over - 0 runs, 1 hit, 0 errors, 0 left on base; Potomac 0 - High Desert 0 |
TOP OF THE 2ND |
Potomac Nationals batting - Pitching for High Desert Mavericks : RHP Andy Zecher
|
Batting: RHB Joe Simmelink
|
0-0: Called Strike 0-1: Ball 1-1: Ball 2-1: Ground out 4-3 (Groundball, 4, EV 86.9 MPH)
|
Batting: RHB Kenny Ball
|
0-0: Ball 1-0: Ball 2-0: Swinging Strike 2-1: DOUBLE (Flyball, 8RXD, EV 100.0 MPH)
|
Batting: SHB John Husson
|
0-0: Ball Wild Pitch! Kenny Ball to third 1-0: Ground out 4-3 (Groundball, 4, EV 83.1 MPH) Kenny Ball scores
|
Batting: RHB Jorge Torres
|
0-0: Called Strike 0-1: Foul Ball, location: 2F 0-2: Ball 1-2: Strikes out swinging
|
Top of the 2nd over - 1 run, 1 hit, 0 errors, 0 left on base; Potomac 1 - High Desert 0 |
BOTTOM OF THE 2ND |
High Desert Mavericks batting - Pitching for Potomac Nationals : RHP Nolan Carew
|
Batting: RHB Matt Sanders
|
0-0: Ball 1-0: Ball 2-0: Ball 3-0: Base on Balls
|
Batting: RHB Aaron Graham
|
0-0: SINGLE (Groundball, 4MD, EV 101.2 MPH) (infield hit) Matt Sanders to second
|
Batting: LHB Nick Foutz
|
0-0: Ball 1-0: Ball 2-0: Reached on error, E4 (Groundball, 34D, EV 83.8 MPH) Matt Sanders to third Aaron Graham to second
|
Batting: RHB Dennis Daniels
|
0-0: Ball 1-0: Ball 2-0: Grounds into double play, 1-2-3 (Groundball, 25, EV 68.1 MPH) Aaron Graham to third Nick Foutz to second
|
Batting: RHB Luis Arce
|
0-0: Ball 1-0: Ball 2-0: Ball 3-0: Base on Balls
|
Batting: RHB Sergio Godinez
|
0-0: Ball 1-0: Called Strike 1-1: Fly out, F8 (Flyball, 78M, EV 90.0 MPH)
|
Bottom of the 2nd over - 0 runs, 1 hit, 1 error, 3 left on base; Potomac 1 - High Desert 0 |
TOP OF THE 3RD |
Potomac Nationals batting - Pitching for High Desert Mavericks : RHP Andy Zecher
|
Batting: RHB Franklin Ortega
|
0-0: Ball 1-0: Ball 2-0: Called Strike 2-1: Swinging Strike 2-2: Ball 3-2: Strikes out swinging
|
Batting: SHB Nolan Carew
|
0-0: Ball 1-0: Ball 2-0: Foul Ball, location: 2F 2-1: Ball 3-1: Called Strike 3-2: Strikes out swinging
|
Batting: RHB Charlie Iacovone
|
0-0: Called Strike 0-1: Foul Ball, location: 2F 0-2: Strikes out swinging
|
Top of the 3rd over - 0 runs, 0 hits, 0 errors, 0 left on base; Potomac 1 - High Desert 0 |
BOTTOM OF THE 3RD |
High Desert Mavericks batting - Pitching for Potomac Nationals : RHP Nolan Carew
|
Batting: RHB Theo van Gent
|
0-0: Foul Ball, location: 2F 0-1: Foul Ball, location: 2F 0-2: Ball 1-2: Ball 2-2: Foul Ball, location: 2F 2-2: Ball 3-2: Foul Ball, location: 2F 3-2: Foul Ball, location: 2F 3-2: Ground out 1-3 (Groundball, 34S, EV 60.6 MPH)
|
Batting: RHB Sean Neuroth
|
0-0: Ball 1-0: Ball 2-0: Ball 3-0: Base on Balls
|
Batting: LHB Ben Radach
|
0-0: Ground out 6-3 (Groundball, 6, EV 82.5 MPH) Sean Neuroth to second
|
Batting: RHB Matt Sanders
|
0-0: Fly out, F8 (Flyball, 8LD, EV 103.1 MPH)
|
Bottom of the 3rd over - 0 runs, 0 hits, 0 errors, 1 left on base; Potomac 1 - High Desert 0 |
TOP OF THE 4TH |
Potomac Nationals batting - Pitching for High Desert Mavericks : RHP Andy Zecher
|
Batting: RHB Rudolph Lentz
|
0-0: Ball 1-0: Ball 2-0: Ball 3-0: Called Strike 3-1: Base on Balls
|
Batting: LHB Tony Olvera
|
0-0: Ball 1-0: Ball 2-0: Called Strike 2-1: Foul Ball, location: 2F 2-2: Strikes out swinging
|
Batting: RHB Joe Simmelink
|
0-0: Called Strike 0-1: SINGLE (Groundball, 4, EV 105.0 MPH) (infield hit) Rudolph Lentz to second
|
Batting: RHB Kenny Ball
|
0-0: Called Strike 0-1: Ball 1-1: Ball 2-1: Foul Ball, location: 2F 2-2: Ball 3-2: Foul Ball, location: 2F 3-2: Strikes out looking
|
Batting: SHB John Husson
|
0-0: Ball 1-0: Called Strike 1-1: Foul Ball, location: 2F 1-2: Foul Ball, location: 2F 1-2: Strikes out looking
|
Top of the 4th over - 0 runs, 1 hit, 0 errors, 2 left on base; Potomac 1 - High Desert 0 |
BOTTOM OF THE 4TH |
High Desert Mavericks batting - Pitching for Potomac Nationals : RHP Nolan Carew
|
Batting: RHB Aaron Graham
|
0-0: Foul Ball, location: 2F 0-1: Foul Ball, location: 2F 0-2: SOLO HOME RUN (Flyball, 7D, EV 99.4 MPH), Distance : 378 ft
|
Batting: LHB Nick Foutz
|
0-0: Called Strike 0-1: Fly out, F9 (Flyball, 9, EV 76.2 MPH)
|
Batting: RHB Dennis Daniels
|
0-0: Called Strike 0-1: Called Strike 0-2: Ball 1-2: Foul Ball, location: 2F 1-2: Foul Ball, location: 2F 1-2: Foul Ball, location: 2F 1-2: Ball 2-2: Strikes out swinging
|
Batting: RHB Luis Arce
|
0-0: Fly out, F7 (Flyball, 78D, EV 83.1 MPH)
|
Bottom of the 4th over - 1 run, 1 hit, 0 errors, 0 left on base; Potomac 1 - High Desert 1 |
TOP OF THE 5TH |
Potomac Nationals batting - Pitching for High Desert Mavericks : RHP Andy Zecher
|
Batting: RHB Jorge Torres
|
0-0: Ball 1-0: Ball 2-0: Swinging Strike 2-1: Foul Ball, location: 2F 2-2: Strikes out swinging
|
Batting: RHB Franklin Ortega
|
0-0: Ball 1-0: Foul Ball, location: 2F 1-1: SINGLE (Groundball, 6D, EV 111.2 MPH)
|
Batting: SHB Nolan Carew
|
0-0: Ball 1-0: TRIPLE (Line Drive, 78XD, EV 102.5 MPH) Franklin Ortega scores
|
Batting: RHB Charlie Iacovone
|
0-0: Foul Ball, location: 2F 0-1: Ball 1-1: Fly out, F7 (Flyball, 7, EV 78.1 MPH) Runner from 3rd tags up, SCORES, throw by LF
|
Batting: RHB Rudolph Lentz
|
0-0: Ball 1-0: Called Strike 1-1: Foul Ball, location: 2F 1-2: Strikes out swinging
|
Top of the 5th over - 2 runs, 2 hits, 0 errors, 0 left on base; Potomac 3 - High Desert 1 |
BOTTOM OF THE 5TH |
High Desert Mavericks batting - Pitching for Potomac Nationals : RHP Nolan Carew
|
Batting: RHB Sergio Godinez
|
0-0: Ball 1-0: Called Strike 1-1: Ball 2-1: Foul Ball, location: 2F 2-2: Foul Ball, location: 2F 2-2: Foul Ball, location: 2F 2-2: Foul Ball, location: 2F 2-2: Ball 3-2: Ground out 6-3 (Groundball, 6MD, EV 81.2 MPH)
|
Batting: RHB Theo van Gent
|
0-0: Called Strike 0-1: Foul Ball, location: 2F 0-2: Ball 1-2: Ball 2-2: Ball 3-2: Ground out 6-3 (Groundball, P, EV 86.9 MPH)
|
Batting: RHB Sean Neuroth
|
0-0: Ball 1-0: Foul Ball, location: 2F 1-1: Ground out 5-3 (Groundball, 56, EV 98.1 MPH)
|
Bottom of the 5th over - 0 runs, 0 hits, 0 errors, 0 left on base; Potomac 3 - High Desert 1 |
TOP OF THE 6TH |
Potomac Nationals batting - Pitching for High Desert Mavericks : RHP Andy Zecher
|
Batting: LHB Tony Olvera
|
0-0: Ball 1-0: Ball 2-0: Foul Ball, location: 2F 2-1: Called Strike 2-2: Ball 3-2: Foul Ball, location: 2F 3-2: Foul Ball, location: 2F 3-2: Strikes out looking
|
Batting: RHB Joe Simmelink
|
0-0: SINGLE (Flyball, 89S, EV 91.2 MPH)
|
Batting: RHB Kenny Ball
|
0-0: Called Strike 0-1: Swinging Strike 0-2: Ball 1-2: Ball 2-2: Strikes out swinging
|
Batting: SHB John Husson
|
0-0: Ball 1-0: Foul Ball, location: 2F 1-1: Ball 2-1: Ball 3-1: Called Strike 3-2: Foul Ball, location: 2F 3-2: Strikes out swinging
|
Top of the 6th over - 0 runs, 1 hit, 0 errors, 1 left on base; Potomac 3 - High Desert 1 |
BOTTOM OF THE 6TH |
High Desert Mavericks batting - Pitching for Potomac Nationals : RHP Nolan Carew
|
Pitching: RHP Cheng-ho Tai
|
|
Batting: LHB Ben Radach
|
0-0: Ball 1-0: Fly out, F9 (Flyball, 9D, EV 93.1 MPH)
|
Batting: RHB Matt Sanders
|
0-0: Called Strike 0-1: SINGLE (Groundball, 56D, EV 101.9 MPH)
|
Batting: RHB Aaron Graham
|
0-0: Ball 1-0: Ball Matt Sanders is caught stealing 2nd base 2-4 2-0: Ball 3-0: Called Strike 3-1: Base on Balls
|
Batting: LHB Nick Foutz
|
0-0: Foul Ball, location: 2F 0-1: Hit by Pitch Aaron Graham to second
|
Batting: RHB Dennis Daniels
|
0-0: Called Strike 0-1: Foul Ball, location: 2F 0-2: Ball 1-2: Strikes out swinging
|
Bottom of the 6th over - 0 runs, 1 hit, 0 errors, 2 left on base; Potomac 3 - High Desert 1 |
TOP OF THE 7TH |
Potomac Nationals batting - Pitching for High Desert Mavericks : RHP Andy Zecher
|
Batting: RHB Jorge Torres
|
0-0: Ball 1-0: Called Strike 1-1: Foul Ball, location: 2F 1-2: Foul Ball, location: 2F 1-2: Foul Ball, location: 2F 1-2: Ball 2-2: Strikes out swinging
|
Batting: RHB Franklin Ortega
|
0-0: Ball 1-0: Called Strike 1-1: Ball 2-1: Called Strike 2-2: Foul Ball, location: 2F 2-2: SINGLE (Flyball, 8LS, EV 90.0 MPH)
|
Batting: SHB Nolan Carew
|
0-0: Grounds into double play, 4-6-3 (Groundball, 4, EV 80.6 MPH)
|
Top of the 7th over - 0 runs, 1 hit, 0 errors, 0 left on base; Potomac 3 - High Desert 1 |
BOTTOM OF THE 7TH |
High Desert Mavericks batting - Pitching for Potomac Nationals : RHP Cheng-ho Tai
|
Batting: RHB Luis Arce
|
0-0: Foul Ball, location: 2F 0-1: Swinging Strike 0-2: Ball 1-2: Ball 2-2: Ball 3-2: Base on Balls
|
Batting: RHB Sergio Godinez
|
0-0: Foul Ball, location: 2F 0-1: Foul Ball, location: 2F 0-2: Ball 1-2: Ball 2-2: Hit by Pitch Luis Arce to second
|
Batting: RHB Theo van Gent
|
0-0: Ball 1-0: Sac Bunt to 5S - play at first, batter OUT! 5-4 Luis Arce to third Sergio Godinez to second
|
Batting: RHB Sean Neuroth
|
0-0: Called Strike 0-1: Hit by Pitch
|
Pitching: LHP Mike Rosas
|
|
Batting: RHB Dennis Daniels
|
0-0: Foul Ball, location: 2F 0-1: Ball 1-1: Ball 2-1: Foul Ball, location: 2F 2-2: SINGLE (Groundball, 6M, EV 97.5 MPH) Luis Arce scores Sergio Godinez to third Sean Neuroth to second Runner from 3rd tries for Home, SAFE, throw by CF to home
|
Batting: RHB Matt Sanders
|
0-0: Ball 1-0: Called Strike 1-1: Foul Ball, location: 2F 1-2: Strikes out swinging
|
Batting: RHB Aaron Graham
|
0-0: Hit by Pitch Sean Neuroth to third Dennis Daniels to second
|
Batting: LHB Nick Foutz
|
0-0: Swinging Strike 0-1: Foul Ball, location: 2F 0-2: Ball Wild Pitch! Sean Neuroth scores Dennis Daniels to third Aaron Graham to second 1-2: Ground out 4-3 (Groundball, 4M, EV 108.8 MPH)
|
Bottom of the 7th over - 3 runs, 1 hit, 0 errors, 2 left on base; Potomac 3 - High Desert 4 |
TOP OF THE 8TH |
Potomac Nationals batting - Pitching for High Desert Mavericks : RHP Andy Zecher
|
Now at 2B: Isaiah Cherry
|
|
Pinch Hitting: SHB Ed Thorpe Jr.
|
0-0: Foul Ball, location: 2F 0-1: Fly out, F9 (Flyball, 89S, EV 91.2 MPH)
|
Pinch Hitting: RHB Qian Tai
|
0-0: Ground out U3 (Groundball, 34, EV 96.9 MPH)
|
Pinch Hitting: RHB Jon Ortiz
|
0-0: Ball 1-0: Ball 2-0: Called Strike 2-1: Ground out 4-3 (Groundball, 6MD, EV 90.6 MPH)
|
Top of the 8th over - 0 runs, 0 hits, 0 errors, 0 left on base; Potomac 3 - High Desert 4 |
BOTTOM OF THE 8TH |
High Desert Mavericks batting - Pitching for Potomac Nationals : LHP Mike Rosas
|
Now at 2B: Alex Gonzalez
|
|
Now in LF: Ed Thorpe Jr.
|
|
Now in CF: Qian Tai
|
|
Batting: RHB Dennis Daniels
|
0-0: Ball 1-0: Swinging Strike 1-1: Ground out 6-3 (Groundball, 6, EV 80.6 MPH)
|
Batting: RHB Luis Arce
|
0-0: Ground out 6-3 (Groundball, 6M, EV 81.9 MPH)
|
Batting: RHB Sergio Godinez
|
0-0: Ball 1-0: DOUBLE (Groundball, 3L, EV 104.4 MPH)
|
Batting: RHB Theo van Gent
|
0-0: Ball 1-0: Ball 2-0: Called Strike 2-1: Swinging Strike 2-2: Strikes out swinging
|
Bottom of the 8th over - 0 runs, 1 hit, 0 errors, 1 left on base; Potomac 3 - High Desert 4 |
TOP OF THE 9TH |
Potomac Nationals batting - Pitching for High Desert Mavericks : RHP Andy Zecher
|
Pitching: RHP Danny Romero
|
|
Pinch Hitting: RHB Ken Yeadon
|
0-0: Called Strike 0-1: Foul Ball, location: 2F 0-2: Ball 1-2: Ground out 4-3 (Groundball, 4, EV 103.1 MPH)
|
Pinch Hitting: RHB Ryan Wright
|
0-0: Foul Ball, location: 2F 0-1: Foul Ball, location: 2F 0-2: Fly out, F7 (Flyball, 78M, EV 80.6 MPH)
|
Pinch Hitting: RHB Yok-sing Szema
|
0-0: Foul Ball, location: 2F 0-1: Ball 1-1: Ground out 6-3 (Groundball, 56, EV 104.4 MPH)
|
Top of the 9th over - 0 runs, 0 hits, 0 errors, 0 left on base; Potomac 3 - High Desert 4 |
|